 Dungeon Crawl Stone Soup version 0.27.1-1-g398f81649c (webtiles) character file.

Game seed: 12416281290149899632

7011 H0rd4k the Martial Artist (level 11, -6/66 HPs)
             Began as an Octopode Transmuter on Sept 13, 2021.
             Was an Initiate of Gozag.
             Shot with an arrow by a centaur warrior (15 damage)
             ... on level 10 of the Dungeon.
             The game lasted 00:15:20 (12524 turns).

H0rd4k the Martial Artist (Octopode Transmuter)    Turns: 12524, Time: 00:15:20

Health: -6/66      AC:  6    Str: 16    XL:     11   Next: 8%
Magic:  15/18      EV: 23    Int: 18    God:    Gozag
Gold:   1374       SH:  0    Dex: 18    Spells: 9/20 levels left

rFire    + . .     SeeInvis +     - Unarmed
rCold    + . .     Faith    .   (shield currently unavailable)
rNeg     . . .     Spirit   .   (helmet currently unavailable)
rPois    .         Reflect  .   y - amulet of regeneration
rElec    .         Harm     .   k - +4 ring of protection
rCorr    +         Rampage  .   a - ring of poison resistance
Will     .....                  i - ring of protection from cold
Stlth    ++........             E - ring "Hero's Friend" {rF+ rCorr Str+6 SInv}
HPRegen  1.21/turn              G - +4 ring of slaying
MPRegen  0.16/turn              (no ring)
                                (no ring)
                                (no ring)

@: spider-form, flying, hasted, very quick
A: venomous fangs, almost no armour, (amphibious), 8 rings, tiny, (camouflage
1), (gelatinous body 1), (nimble swimmer 1), (tentacles)
a: End Transformation, Renounce Religion, Potion Petition, Call Merchant, Bribe
Branch


You were on level 10 of the Dungeon.
You worshipped Gozag.
Gozag was most pleased with you.
You were a venomous arachnid creature.
You visited 2 branches of the dungeon, and saw 11 of its levels.

You collected 1437 gold pieces.
You paid 63 gold pieces to Gozag.

Inventory:

Hand Weapons
 t - the +9 dagger "Qeigunwex" {flame, Will+ Str+3 Int+2}
   (You found it on level 5 of the Dungeon)

   It burns those it strikes, dealing additional fire damage.
   Str:       It affects your strength (+3).
   Int:       It affects your intelligence (+2).
   Will:      It increases your willpower.
 F - the +3 hand axe of Wyrd {flame, SInv}
   (You found it on level 7 of the Dungeon)

   It burns those it strikes, dealing additional fire damage.
   Big, fiery blades are also staple armaments of hydra-hunters.
   SInv:      It lets you see invisible.
Jewellery
 a - a ring of poison resistance (right front leg)
 i - a ring of protection from cold (on tentacle)
 k - a +4 ring of protection (left front leg)
 y - an amulet of regeneration (around neck)
 E - the ring "Hero's Friend" (on tentacle) {rF+ rCorr Str+6 SInv}
   (You found it on level 7 of the Dungeon)

   [ring of strength]

   Str:       It affects your strength (+6).
   rF:        It protects you from fire.
   SInv:      It lets you see invisible.
   rCorr:     It protects you from acid and corrosion.
 G - a +4 ring of slaying (on tentacle)
 J - a ring of protection from fire
 K - a +6 ring of dexterity
Wands
 p - a wand of mindburst (6)
 z - a wand of iceblast (15)
 I - a wand of paralysis (7)
Scrolls
 b - a scroll of magic mapping {unknown}
 e - 2 scrolls of blinking {unknown}
 f - a scroll of summoning {unknown}
 g - 4 scrolls of fog {unknown}
 h - 2 scrolls of teleportation {unknown}
 j - 3 scrolls of holy word {unknown}
 l - 2 scrolls of enchant weapon {unknown}
 m - 4 scrolls of enchant armour {unknown}
 n - a scroll of amnesia {unknown}
 o - 2 scrolls of vulnerability {unknown}
 u - 4 scrolls of brand weapon {unknown}
 x - 6 scrolls of identify {unknown}
 H - a scroll of fear {unknown}
Potions
 c - 2 potions of flight
 d - 2 potions of haste
 q - 2 potions of lignification {unknown}
 r - 2 potions of attraction {unknown}
 s - a potion of might {unknown}
 v - 3 potions of brilliance {unknown}
 w - a potion of degeneration {unknown}
 A - a potion of invisibility {unknown}
 B - 2 potions of heal wounds {unknown}
 C - 2 potions of resistance
 D - a potion of curing


   Skills:
 + Level 2.7 Fighting
 + Level 5.3 Dodging
 + Level 11.0 Unarmed Combat
 + Level 5.2 Spellcasting
 * Level 4.4 Translocations
 + Level 5.0 Transmutations
 * Level 5.1 Ice Magic
 + Level 6.5 Poison Magic
 + Level 0.7 Evocations


You had 9 spell levels left.
You knew the following spells:

 Your Spells              Type           Power      Damage    Failure   Level
a - Beastly Appendage     Tmut           44%        N/A       7%          1
b - Spider Form           Tmut/Pois      12%        N/A       12%         3
c - Ice Form              Ice/Tmut       22%        N/A       34%         4
d - Teleport Other        Tloc           20%        N/A       17%         3

Your spell library contained the following spells:

 Spells                   Type           Power      Damage    Failure   Level
 Apportation              Tloc           40%        N/A       8%          1
 Wereblood                Tmut           22%        N/A       10%         2
 Gell's Gravitas          Tloc           10%        N/A       17%         3
 Lesser Beckoning         Tloc           10%        N/A       17%         3
 Animate Skeleton         Necr           8%         N/A       30%         1
 Corona                   Hex            4%         N/A       30%         1
 Magic Dart               Conj           16%        1d3       30%         1
 Summon Small Mammal      Summ           16%        N/A       30%         1
 Searing Ray              Conj           8%         3d3       41%         2
 Blade Hands              Tmut           11%        N/A       63%         5
 Fulminant Prism          Conj/Hex       2%         3d6       91%         4
 Dispersal                Tloc           10%        N/A       99%         6
 Iron Shot                Conj/Erth      2%         9d2       100%        6
 Disjunction              Tloc           10%        N/A       100%        8
 Animate Armour           Summ/Erth      Unusable   N/A       N/A         4

Dungeon Overview and Level Annotations

Branches:
Dungeon (10/15)            Temple (1/1) D:5            Lair (0/6) D:10
    Orc (0/2) D:9

Altars:
Ashenzari
Cheibriados
Dithmenos
Elyvilon
Fedhas
Gozag
Hepliaklqana
Kikubaaqudgha
Makhleb
Nemelex Xobeh
Okawaru
Qazlal
Ru
Sif Muna
Trog
Uskayaw
Vehumet
Wu Jian
Xom
Yredelemnul
Zin
The Shining One
Beogh

Shops:
D:1 !!!   D:3 (

Annotations:
D:1 exclusion: necrophage
D:2 exclusion: upstairs
D:3 4 runed translucent doors, exclusion: 3 doors, Crazy Yiuf; martbhell's ghost, amateur OpTm
D:4 Blork the orc
D:5 exclusions: sky beast, steam dragon, upstairs and zombie
D:7 2 transporters, exclusions: downstairs and 1 more exclusion
D:8 exclusions: two-headed ogre and water moccasin


Innate Abilities, Weirdness & Mutations

You are a venomous arachnid creature.
You have poisonous fangs.
You are tiny and dextrous.
Your spellcasting is less reliable in this form.
Your armour is entirely melded.
You are incapable of wielding weapons or throwing items.
You cannot wear most types of armour.
((You are amphibious.))
You can wear up to eight rings at the same time.
((Your skin changes colour to match your surroundings (Stealth+).))
((Your rubbery body absorbs attacks. (AC +1, EV +1)))
((You are camouflaged near water. (Stealth+)))
((You have tentacles for arms and can constrict up to eight enemies at once.))


Message History

HP restored.
You now have 1374 gold pieces (gained 51).
Your transformation has ended.
Found a stone staircase leading down.
Found a scroll labelled GEANIEGISEKK.
Found a stone staircase leading up.
h - 2 scrolls labelled GEANIEGISEKK (gained 1)
There is a stone staircase leading down here.
Found 11 gold pieces.
A basilisk and a centaur warrior come into view.
There are monsters nearby!
There are monsters nearby!
The centaur warrior wields a +0 shortbow.
The centaur warrior shoots an arrow.
The arrow hits you!!
You hear an angry hiss.
Casting: Spider Form (dangerous; 3% risk of failure)
Confirm with . or Enter, or press ? or * to list all spells.
You turn into a venomous arachnid creature.
The centaur warrior shoots an arrow.
The arrow completely misses you.
The centaur warrior shoots an arrow.
The arrow hits you!!
The centaur warrior shoots an arrow.
The arrow hits you!!
* * * LOW HITPOINT WARNING * * *
Unknown command.
Okay, then.
Unknown command.
Okay, then.
Unknown command.
Aiming: Paralyse
Press: ? - help, Shift-Dir - straight line, f - centaur warrior
Aim: a centaur warrior, wielding a +0 shortbow and quivering arrows (chance to affect: 30%)
The centaur warrior easily resists.
It was a potion of flight.
You feel very buoyant.
You fly up into the air.
The centaur warrior shoots an arrow.
The arrow barely misses you.
The centaur warrior shoots an arrow.
The arrow misses you.
It was a potion of haste.
You feel yourself speed up.
The centaur warrior shoots an arrow.
The arrow hits you!
You die...
Your body crumbles into a pile of gold.

..##### #. .# ## .#..#
..# #.#. .... .#..# ..#
#... c#. ....
..##########... l. ..$
.............#.# .#.#
.............#..####l.#
.............#........#
.............####.c####..
................s.......#
....####......###########
......##....).#
.......#......#
..............#
.>............#
........#####.# ...P...##
#.# ......## #.#


You could see a centaur warrior and a basilisk.

Vanquished Creatures
  A two-headed ogre (D:10)
  A centaur warrior (D:10)
  3 meliai (D:9)
  4 yaks (D:10)
  A vampire (D:10)
  A wyvern (D:10)
  2 steam dragons
  Menkaure (D:7)
  Edmund (D:4)
  3 wargs (D:10)
  An acid dragon (D:8)
  A water moccasin (D:9)
  5 orc warriors
  An ice beast (D:6)
  2 necrophages
  2 centaurs (D:8)
  A kobold brigand (D:9)
  4 scorpions
  3 bullfrogs
  A wyvern zombie (D:8)
  8 killer bees
  8 wights
  A howler monkey (D:8)
  A lava snake (D:8)
  A bullfrog zombie (D:6)
  10 orc priests
  2 centaur zombies
  2 jellies (D:6)
  A bullfrog skeleton (D:5)
  4 iguanas
  6 orc wizards
  A killer bee zombie (D:7)
  Robin (D:3)
  A howler monkey skeleton (D:4)
  5 adders
  An adder zombie (D:2)
  2 adder skeletons (D:2)
  A worm (D:4)
  3 dart slugs
  37 orcs
  4 bats
  A bat skeleton (D:2)
  10 endoplasms
  4 giant cockroaches
  18 goblins
  9 hobgoblins
  9 jackals
  2 quokkas (D:4)
  6 ball pythons
  A ball python skeleton (D:2)
  3 frilled lizards
  13 kobolds
  3 quokka skeletons (D:2)
  A rat (D:3)
219 creatures vanquished.

Vanquished Creatures (others)
  A withered plant (D:2)
1 creature vanquished.

Grand Total: 220 creatures vanquished

Notes
Turn   | Place    | Note
-------+----------+-------------------------------------------
     0 | D:1      | H0rd4k the Octopode Transmuter began the quest for the Orb.
     0 | D:1      | Reached XP level 1. HP: 13/13 MP: 3/3
   331 | D:1      | Found a faded altar of an unknown god.
   348 | D:1      | Reached XP level 2. HP: 18/18 MP: 5/5
   488 | D:1      | Found Akludish's Distillery.
  1057 | D:1      | Found Paen's Distillery.
  1095 | D:1      | Found Meicio Qitt's Distillery.
  1197 | D:1      | Reached XP level 3. HP: 23/23 MP: 6/6
  1201 | D:1      | Learned a level 3 spell: Spider Form
  1670 | D:3      | Found a runed translucent door.
  1671 | D:3      | Noticed Crazy Yiuf
  2022 | D:3      | Found a burning altar of Makhleb.
  2075 | D:2      | Reached XP level 4. HP: 10/28 MP: 7/7
  2404 | D:2      | Noticed a necrophage
  2684 | D:2      | Reached skill level 4 in Unarmed Combat
  3313 | D:3      | Reached skill level 1 in Poison Magic
  3467 | D:3      | Found a runed translucent gate.
  3468 | D:3      | Found a runed translucent gate.
  3469 | D:3      | Found a runed translucent gate.
  3471 | D:3      | Noticed martbhell's ghost (amateur OpTm)
  3473 | D:3      | Identified the +1 helmet of Fortitude {*Slow rC++ Dex+4
                  | Stlth-}
  3473 | D:3      | Noticed Robin
  3508 | D:3      | Reached XP level 5. HP: 33/33 MP: 1/8
  3515 | D:3      | Killed Robin
  3723 | D:3      | Found Xesod's Weapon Emporium.
  4260 | D:4      | Noticed Edmund
  4278 | D:4      | Killed Edmund
  4279 | D:4      | Reached skill level 5 in Unarmed Combat
  4279 | D:4      | Reached XP level 6. HP: 25/38 MP: 3/9
  4812 | D:4      | Found an ancient bone altar of Kikubaaqudgha.
  4820 | D:4      | Noticed Blork the orc
  4843 | D:5      | Entered Level 5 of the Dungeon
  4879 | D:5      | Found a glowing silver altar of Zin.
  4917 | D:5      | Noticed a sky beast
  5004 | D:5      | Noticed a steam dragon
  5157 | D:5      | Reached XP level 7. HP: 44/44 MP: 6/10
  5209 | D:5      | Found a staircase to the Ecumenical Temple.
  5213 | Temple   | Entered the Ecumenical Temple
  5320 | Temple   | Became a worshipper of Gozag Ym Sagoz the Greedy
  5443 | D:6      | Reached skill level 6 in Unarmed Combat
  6150 | D:5      | Identified the +9 dagger "Qeigunwex" {flame, Will+ Str+3
                  | Int+2}
  6392 | D:5      | Found a shimmering blue altar of Sif Muna.
  7214 | D:6      | Reached XP level 8. HP: 49/49 MP: 9/13
  7291 | D:6      | Reached skill level 7 in Unarmed Combat
  7676 | D:6      | Reached skill level 5 in Poison Magic
  8327 | D:6      | Learned a level 4 spell: Ice Form
  8419 | D:7      | Noticed Menkaure
  8426 | D:7      | Killed Menkaure
  8531 | D:7      | Reached skill level 1 in Ice Magic
  8947 | D:7      | Found a transporter.
  8957 | D:7      | Reached skill level 8 in Unarmed Combat
  8957 | D:7      | Reached XP level 9. HP: 54/54 MP: 12/15
  9134 | D:7      | Identified the ring "Hero's Friend" {rF+ rCorr Str+6 SInv}
  9301 | D:7      | Found a transporter.
  9498 | D:7      | Identified the +3 hand axe of Wyrd {flame, SInv}
  9547 | D:7      | Learned a level 3 spell: Teleport Other
  9761 | D:8      | Reached skill level 1 in Translocations
  9888 | D:8      | Found a hide-covered altar of Uskayaw.
 10184 | D:8      | Noticed a two-headed ogre
 10848 | D:9      | Reached skill level 9 in Unarmed Combat
 10991 | D:9      | Reached XP level 10. HP: 39/58 MP: 14/17
 11296 | D:9      | Identified the +1 leather armour "Cedicapp" {+Blink rPois
                  | Int+4}
 11571 | D:9      | Found a staircase to the Orcish Mines.
 11782 | D:10     | Entered Level 10 of the Dungeon
 11794 | D:10     | Noticed a centaur warrior
 11805 | D:10     | Killed a centaur warrior
 11806 | D:10     | Reached skill level 5 in Dodging
 11806 | D:10     | Reached skill level 10 in Unarmed Combat
 11806 | D:10     | Reached skill level 5 in Spellcasting
 11927 | D:10     | Found a staircase to the Lair.
 12126 | D:10     | Noticed a two-headed ogre
 12163 | D:10     | Killed a two-headed ogre
 12164 | D:10     | Reached skill level 5 in Transmutations
 12198 | D:10     | Found a white marble altar of Elyvilon.
 12298 | D:10     | Reached skill level 5 in Ice Magic
 12298 | D:10     | Reached XP level 11. HP: 66/66 MP: 15/18
 12309 | D:10     | Reached skill level 11 in Unarmed Combat
 12514 | D:10     | Noticed a centaur warrior
 12524 | D:10     | Shot with an arrow by a centaur warrior

Illustrated notes

Levels and vault maps discovered:
D:1:      dpeg_arrival_erosion, layout_basic,
          shapermc_ecumenical_altar_flowoftime, serial_shops,
          nicolae_lakefront_shop, nicolae_shop_competitors_out_of_business,
          nicolae_shop_crystal
D:2:      layout_basic, serial_undead, serial_undead_b, serial_undead_b,
          serial_undead_b, serial_undead_f, serial_undead_d, serial_undead_d
D:3:      layout_loops_ring, mainiacjoe_overflow_six_doors_small, serial_shops,
          shop, biasface_ghost_orc_armoury, uniq_robin, uniq_crazy_yiuf_cottage
D:4:      layout_cave_pools, nicolae_kikubaaqudgha_miasma_corner,
          uniq_blork_the_orc, uniq_edmund
D:5:      layout_layer_cave, mainiacjoe_overflow_brackets,
          mainiacjoe_overflow_cross_hatched, minmay_temple_entry_steel_oval,
          roderic_serpentine_path
D:6:      layout_basic, serial_glass, glass_columns_a, glass_columns_a
D:7:      gammafunk_cloud_chamber, layout_gridville, uniq_menkaure
D:8:      wad_crossroads, layout_basic, nicolae_uskayaw_suspiria,
          dk_noncrumbling_2
D:9:      layout_roguey, minmay_orc_entry_temple_small
D:10:     layout_long_grid, mainiacjoe_overflow_alcove_1,
          erik_lair_orcish_takeover, grunt_ministairs_5, minivault_20
Temple:   eino_temple_scatter_basement

Skill      XL: |  1  2  3  4  5  6  7  8  9 10 11 |
---------------+----------------------------------+-----
Unarmed Combat | 4 5 6 8 9 10 11 | 11.0
Poison Magic   | 1 2 3 4 5 6 |  6.5
Dodging        | 3 4 5 |  5.3
Transmutations | 3 4 5 |  5.0
Spellcasting   | 3 4 5 |  5.2
Ice Magic      | 1 3 5 |  5.1
Fighting       | 2 |  2.7
Translocations | 2 4 |  4.4
Evocations     | |  0.7

Action                   |  1- 3 |  4- 6 |  7- 9 | 10-12 || total
-------------------------+-------+-------+-------+-------++-------
Melee: Unarmed           |   104 |   169 |   271 |   126 ||   670
       Constrict         |    27 |    39 |     8 |     2 ||    76
       Tentacles         |    14 |    24 |    11 |     7 ||    56
       Punch             |     3 |     3 |     4 |     2 ||    12
       Kick              |     1 |       |     1 |       ||     2
 Cast: Beastly Appendage |     1 |       |     1 |       ||     2
       Spider Form       |       |     4 |    35 |    10 ||    49
       Ice Form          |       |       |       |     1 ||     1
Evoke: Wand              |       |       |       |     6 ||     6
  Use: Potion            |       |       |       |     2 ||     2
 Stab: Sleeping          |     7 |     4 |       |       ||    11
       Distracted        |       |       |     1 |       ||     1
       Paralysed         |       |       |       |     4 ||     4
Armor: Skin              |     9 |    17 |    31 |    26 ||    83
Dodge: Dodged            |    66 |    88 |   225 |   102 ||   481
